 Dungeon Crawl Stone Soup version 0.17-a0-1519-g2001520 (webtiles) character file.

84 matakusis the Chopper (level 4, -4/34 HPs)
             Began as a Demonspawn Gladiator on July 13, 2015.
             Killed by divine providence
             ... invoked by an orc priest
              (9 damage)
             ... on level 3 of the Dungeon.
             The game lasted 00:12:28 (2138 turns).

matakusis the Chopper (Demonspawn Gladiator)        Turns: 2138, Time: 00:12:29

Health: -4/34      AC:  7    Str: 16    XL:     4   Next: 24%
Magic:  4/4        EV: 12    Int: 10    God:
Gold:   76         SH:  0    Dex: 13    Spells: 0 memorised, 3 levels left

rFire  . . .     SeeInvis .     a - +0 war axe
rCold  . . .     Clarity  .     h - +0 ring mail
rNeg   . . .     SustAt   .     (no shield)
rPois  .         Gourm    .     (helmet restricted)
rElec  .         Spirit   .     l - +1 cloak
rCorr  +         Warding  .     (no gloves)
rMut   .         Stasis   .     (no boots)
MR     .....                    q - amulet of resist corrosion
Stlth  +.........               (no ring)
                                (no ring)

@: not resistant to hostile enchantments, very unstealthy
A: antennae 1, spiny 1, rot immunity
a: no special abilities


You were on level 3 of the Dungeon.
You were not hungry.

You visited 1 branch of the dungeon, and saw 3 of its levels.

You collected 76 gold pieces.

Inventory:

Hand weapons
 a - a +0 war axe (weapon)
 f - a +0 whip
Missiles
 d - 3 throwing nets (quivered)
Armour
 b - a +0 leather armour
 c - a +0 helmet
 h - a +0 ring mail (worn)
 l - a +1 cloak (worn)
Jewellery
 q - an amulet of resist corrosion (around neck)
Comestibles
 e - 3 bread rations
 g - a meat ration
 i - 4 chunks of flesh
 j - a royal jelly


   Skills:
 + Level 2.4 Fighting
 * Level 3.5 Axes
 + Level 0.1(2.1) Maces & Flails
 - Level 1.7 Throwing
 + Level 0.8 Armour
 + Level 3.4 Dodging


You had 3 spell levels left.
You didn't know any spells.

Dungeon Overview and Level Annotations

Branches:
Dungeon (3/15)

Altars:
Yredelemnul

Annotations:
D:3 Grinder


Innate Abilities, Weirdness & Mutations

You have a pair of small antennae on your head.
You are partially covered in sharp spines.
You are immune to rotting.


Message History

The orc barely misses you.
A goblin comes into view.
The goblin shouts!
Grinder gestures.
Grinder blinks!
The orc is struck by your spines. The orc hits you with a short sword.
* * * LOW HITPOINT WARNING * * *
You can move again.
The orc priest looks braver for a moment.
The orc priest miscasts a cantrip.
Grinder gestures at you. Pain shoots through your body!
* * * LOW HITPOINT WARNING * * *
Grinder gestures at you. You resist with significant effort.
You see here 11 gold pieces.
You open the door.
The orc priest mumbles some strange prayers to Beogh against you.
Something smites you!
You die...

...###########.#....#.####
...# #.......#.########.
...# #.#####.#.# ...!.
...###.#####+#+#+##.....
......................
.#.####............... .
.#....+............####+##'#
.######............#........
..........####'#@###........
#########.# #...oo..g......
#.# ###.##o........ #.#
#.#.{........ #.#
#.#..######## #.# #.#..# #+#
#....# #....) #.....


You could see 2 orc priests, an orc and a goblin.

Vanquished Creatures
  2 adders
  A worm (D:2)
  3 giant geckos
  10 bats
  7 goblins
  11 hobgoblins
  5 kobolds
  A quokka (D:2)
  2 giant cockroaches
  2 giant newts
  7 jackals
  6 rats
57 creatures vanquished.

Notes
Turn   | Place    | Note
--------------------------------------------------------------
     0 | D:1      | matakusis the Demonspawn Gladiator began the quest for the Orb.
     0 | D:1      | Reached XP level 1. HP: 16/16 MP: 1/1
    95 | D:1      | Reached skill level 3 in Axes
   144 | D:1      | Gained mutation: You are partially covered in sharp spines. [demonic ancestry]
   144 | D:1      | Reached XP level 2. HP: 9/22 MP: 2/2
   626 | D:1      | Gained mutation: You are immune to rotting. [demonic ancestry]
   626 | D:1      | Reached XP level 3. HP: 25/27 MP: 3/3
  1633 | D:2      | Gained mutation: You have a pair of small antennae on your head. [demonic ancestry]
  1633 | D:2      | Reached XP level 4. HP: 34/34 MP: 4/4
  2008 | D:3      | Found a basalt altar of Yredelemnul.
  2124 | D:3      | Noticed Grinder
  2128 | D:3      | Paralysed by Grinder for 6 turns
  2138 | D:3      | Killed from afar by an orc priest

Vault maps used:
D:1:      shiori_arrival_maze
D:2:      first_bread
D:3:      overflow_temple_1_default, lemuel_zombie_altar_kikubaaqudgha,
          uniq_grinder

Action                   |  1- 3 |  4- 6 || total
-------------------------+-------+-------++-------
Melee: Whip              |    32 |       ||    32
       War axe           |    50 |     8 ||    58
  Use: Scroll            |     1 |     4 ||     5
       Potion            |       |     1 ||     1
 Stab: Sleeping          |     1 |       ||     1
  Eat: Chunk             |     2 |     1 ||     3
       Royal jelly       |       |     1 ||     1
